 Dungeon Crawl Stone Soup version 0.30-a0-1066-g63dfefce0d (webtiles) character file.

Game seed: 7394640819934345841

743 Arzdou the Cleaver (level 7, -1/60 HPs)
             Began as a Hill Orc Fighter on Apr 12, 2023.
             Slain by an ogre
             ... wielding a +0 giant spiked club
              (30 damage)
             ... on level 5 of the Dungeon.
             The game lasted 00:11:22 (4254 turns).

Arzdou the Cleaver (Hill Orc Fighter)               Turns: 4254, Time: 00:11:22

Health: -1/60      AC:  8    Str: 21    XL:     7   Next: 76%
Magic:  7/7        EV:  9    Int:  8    God:
Gold:   233        SH:  4    Dex: 10    Spells: 6/6 levels left

rFire   . . .      SeeInvis .    a - +1 war axe
rCold   . . .      Faith    +    c - +0 buckler
rNeg    . . .      Spirit   .    e - +0 scale mail
rPois   .          Reflect  .    (no helmet)
rElec   .          Rampage  .    u - +0 cloak
rCorr   .                        (no gloves)
Will    .....                    (no boots) Stlth
                                 k - amulet of faith
HPRegen 0.30/turn                (no ring)
MPRegen 0.10/turn                (no ring)

@: no status effects
A: no striking features
a: no special abilities


You were on level 5 of the Dungeon.
You visited 1 branch of the dungeon, and saw 5 of its levels.

You collected 233 gold pieces.

Inventory:

Hand Weapons
 a - a +1 war axe (weapon)
 b - a +0 sling
 q - a +0 sling
 y - a +1 flail of pain
Armour
 c - a +0 buckler (worn)
 e - a +0 scale mail (worn)
 u - a +0 cloak (worn)
Jewellery
 i - an amulet of magic regeneration
 k - an amulet of faith (around neck)
 r - a +4 ring of protection
Wands
 w - a wand of charming (8)
Scrolls
 g - a scroll of noise
 h - a scroll of enchant weapon
 n - a scroll of teleportation
Potions
 f - 4 potions of curing
 l - 2 potions of haste {unknown}
 p - a potion of attraction {unknown}
 s - a potion of lignification {unknown}
 t - a potion of brilliance {unknown}
 v - a potion of might
 x - a potion of berserk rage {unknown}
 z - a potion of heal wounds {unknown}
 A - a potion of ambrosia {unknown}


   Skills:
 + Level 4.6 Fighting
 * Level 9.2 Axes
 + Level 0.2 Ranged Weapons
 + Level 4.5 Armour
 + Level 1.0 Dodging
 + Level 0.2 Stealth
 + Level 4.2 Shields


You had 6 spell levels left.
You didn't know any spells.
Your spell library contained the following spells:

 Spells                   Type           Power      Damage    Failure   Level
 Foxfire                  Conj/Fire      0%         2x1d4     83%         1
 Sublimation of Blood     Necr           0%         N/A       92%         2
 Petrify                  Tmut/Erth      0%         N/A       100%        4
 Irradiate                Conj/Tmut      0%         3d11      100%        5
 Plasma Beam              Fire/Air       0%         2x1d11    100%        6


Dungeon Overview and Level Annotations

Branches:
Dungeon (5/15)             Temple (0/1) D:4

Altars:


Message History

You hit the ufetubus.
The ufetubus is severely wounded.
The ufetubus barely misses you. You block the ufetubus's attack.
The ufetubus completely misses you. The ufetubus hits you.
You slash the ufetubus!
You kill the ufetubus!
You open the door.
There is an open door here.
The ogre attacks as you move away! The ogre barely misses you.
The ogre misses you.
You slash the ogre!
The ogre is moderately wounded.
The ogre barely misses you.
b - a +0 sling (weapon)
a - a +1 war axe (weapon)
b - a +0 sling (weapon)
The ogre hits you with a +0 giant spiked club!
You shoot a sling bullet.
The sling bullet closely misses the ogre.
The ogre hits you with a +0 giant spiked club!
You shoot a sling bullet. The sling bullet hits the ogre.
The ogre is heavily wounded.
The ogre hits you with a +0 giant spiked club!
You are too injured to fight recklessly!
Fire: b) +0 sling
Press: ? - help, Q - select action, (/) - cycle Shift-Dir - straight line, f/p - ogre
Aim: an ogre, wielding a +0 giant spiked club (heavily wounded, 71% to hit)
You shoot a sling bullet. The sling bullet hits the ogre.
The ogre is severely wounded.
The ogre barely misses you.
a - a +1 war axe (weapon)
You are too injured to fight recklessly!
You hit the ogre.
The ogre is severely wounded.
The ogre barely misses you.
You barely miss the ogre.
The ogre is severely wounded.
The ogre hits you with a +0 giant spiked club!!
Ouch! That really hurt!
You die...

..............#.....#............
..............#.....#....##....##
.....##.......#.....#....##....##
.....##.......#.....#..........#
......#.......#.....#....##......
......#.......#.....#....##......
......#.......#.....#....###+####
+.O...#....##....
#.@...#..........
#.....##...##.... #......#...#
... #..[...#...# .
#......#...##.. #......'........
#......#........
#......#.........
#......######....


You could see an ogre.

Vanquished Creatures
  Menkaure (D:4)
  A black bear (D:5)
  3 scorpions
  2 hounds (D:5)
  An orc wizard (D:5)
  Natasha (thrice) (D:3)
  An iguana (D:3)
  7 adders
  3 ufetubi (D:5)
  21 orcs
  4 ball pythons
  4 endoplasms
  3 giant cockroaches
  5 goblins
  6 hobgoblins
  4 jackals (D:5)
  4 quokkas
  3 bats
  2 frilled lizards
  5 kobolds
  3 rats
86 creatures vanquished.

Vanquished Creatures (others)
  10 plants (D:2)
10 creatures vanquished.

Grand Total: 96 creatures vanquished

Notes
Turn   | Place    | Note
-------+----------+-------------------------------------------
     0 | D:1      | Arzdou the Hill Orc Fighter began the quest for the Orb.
     0 | D:1      | Reached XP level 1. HP: 19/19 MP: 1/1
   102 | D:1      | Reached XP level 2. HP: 24/27 MP: 2/2
   342 | D:1      | Reached skill level 3 in Axes
   345 | D:1      | Found a faded altar of an unknown god.
   810 | D:1      | Reached XP level 3. HP: 33/33 MP: 3/3
  1401 | D:2      | Got the Atlas of the Summer
  1899 | D:3      | Reached skill level 4 in Axes
  1961 | D:3      | Reached XP level 4. HP: 35/40 MP: 4/4
  2190 | D:3      | You fall into a shaft and drop 1 floor!
  2210 | D:4      | Noticed a scorpion
  2227 | D:4      | Killed a scorpion
  2228 | D:4      | Reached skill level 5 in Axes
  2228 | D:4      | Reached XP level 5. HP: 31/46 MP: 5/5
  2337 | D:4      | Noticed Menkaure
  2658 | D:3      | Noticed Natasha
  2659 | D:3      | Killed Natasha
  2660 | D:3      | Reached skill level 6 in Axes
  2875 | D:3      | Noticed Natasha
  2880 | D:3      | Killed Natasha
  2881 | D:3      | Reached XP level 6. HP: 43/52 MP: 6/6
  2977 | D:3      | Noticed Natasha
  2983 | D:3      | Killed Natasha
  3043 | D:4      | Killed Menkaure
  3044 | D:4      | Reached skill level 7 in Axes
  3152 | D:4      | Reached XP level 7. HP: 40/60 MP: 7/7
  3359 | D:4      | Found a staircase to the Ecumenical Temple.
  3371 | D:4      | Reached skill level 8 in Axes
  3606 | D:5      | Entered Level 5 of the Dungeon
  4115 | D:5      | Reached skill level 9 in Axes
  4115 | D:5      | Reached skill level 1 in Dodging
  4254 | D:5      | Slain by an ogre

Illustrated notes

Levels and vault maps discovered:
D:1:      psy_arrival_statuary, layout_loops_ring,
          shapermc_ecumenical_altar_notcrosses
D:2:      layout_basic, serial_bayou, serial_bayou_pond_d, serial_bayou_shore_b,
          serial_bayou_shore_a, serial_bayou_pond_c
D:3:      layout_loops_ring, amcnicky_mini_pool_small, uniq_natasha
D:4:      layout_cave_pools, minmay_temple_entry_waves, kennysheep_flooded_box,
          uniq_menkaure
D:5:      layout_gridville, serial_glass, glass_columns_a, glass_columns_b

Skill      XL: |  1  2  3  4  5  6  7 |
---------------+----------------------+-----
Fighting       | 4 |  4.6
Axes           | 3 4 5 6 7 9 |  9.2
Armour         | 4 |  4.5
Shields        | 4 |  4.2
Dodging        | 1 |  1.0
Ranged Weapons | |  0.2
Stealth        | |  0.2

Action                     |  1- 3 |  4- 6 |  7- 9 || total
---------------------------+-------+-------+-------++-------
  Melee: War axe           |    78 |    75 |    80 ||   233
   Fire: Sling             |    11 |       |     3 ||    14
    Use: Potion            |       |     2 |       ||     2
         Scroll            |       |       |     7 ||     7
 Armour: Scale mail        |    28 |    30 |    42 ||   100
  Dodge: Dodged            |    33 |    28 |    43 ||   104
  Block: Buckler           |    18 |    14 |    19 ||    51

Table legend: (Time is in decaauts)
 A = Elapsed time spent in this place.
 B = Non-inter-level travel time spent in this place.
 C = Inter-level travel time spent in this place.
 D = Time resting spent in this place.
 E = Time spent auto-exploring this place.
 F = Levels seen in this place.
 G = Mean time per level.
                   A        B        C        D        E       F      G
               +--------+--------+--------+--------+--------+-----+--------+
         Total |   4336 |   4035 |    301 |      0 |   3172 |   5 |  867.2 |
       Dungeon |   4336 |   4035 |    301 |      0 |   3172 |   5 |  867.2 |
               +--------+--------+--------+--------+--------+-----+--------+

Top non-repeatable levels by time:
     D:3: 1046 daAuts
     D:2: 949 daAuts
     D:1: 933 daAuts
     D:4: 874 daAuts
     D:5: 532 daAuts
